 Dungeon Crawl Stone Soup version 0.27-a0-1196-g3e9cee4cb2 (webtiles) character file.

Game seed: 6830743710327051236

202547 robertstho the Tortoise (level 19, -2/124 HPs)
             Began as a Tengu Berserker on May 27, 2021.
             Was an Elder of Trog.
             Slain by Ilsuiw
             ... wielding a +3 trident of freezing
              (3 damage)
             ... on level 4 of the Shoals on May 28, 2021.
             The game lasted 01:08:53 (44734 turns).

robertstho the Tortoise (Tengu Berserker)          Turns: 44734, Time: 01:08:54

Health: -2/124     AC: 29    Str: 26    XL:     19   Next: 2%
Magic:  20/20      EV: 17    Int: 13    God:    Trog [****..]
Gold:   420        SH: 26    Dex: 18    Spells: 18/18 levels left

rFire    + . .     SeeInvis .   F - +11 whip "Efeqinga" {vorpal, rElec rPois rF+ rCorr}
rCold    . . .     Faith    .   B - +0 tower shield
rNeg     . . .     Spirit   .   b - +0 plate armour of Mitwauli {Str+2}
rPois    +         Reflect  +   p - +2 hat {Stlth+}
rElec    +         Harm     .   j - +0 cloak
rCorr    +         Rampage  .   (no gloves)
Will     +....                  (boots unavailable)
Stlth    ..........             c - amulet of reflection
HPRegen  0.30/turn              d - +4 ring of protection
MPRegen  0.17/turn              D - ring of Umocail {rCorr AC+4 Int+4 Dex+4}

@: on berserk cooldown, flying quickly and evasively, slowed, very slow
A: beak, talons 3, nimble flight
a: Renounce Religion, Berserk, Trog's Hand, Brothers in Arms


You were on level 4 of the Shoals.
You worshipped Trog.
Trog was greatly pleased with you.
You visited 6 branches of the dungeon, and saw 32 of its levels.
You visited the Abyss 1 time.
You also visited: Gauntlet and Ice Cave.

You collected 3619 gold pieces.
You spent 3199 gold pieces at shops.

Inventory:

Hand Weapons
 F - the +11 whip "Efeqinga" (weapon) {vorpal, rElec rPois rF+ rCorr}
   (You found it on level 9 of the Dungeon)

   It inflicts extra damage upon your enemies.
   It protects you from fire.
   It insulates you from electricity.
   It protects you from poison.
   It protects you from acid and corrosion.
 Z - the +7 eveningstar of Orphabbao {holy, rC+}
   (You acquired it on level 2 of the Orcish Mines)

   It has been blessed by the Shining One to cause great damage to the undead
   and demons.
   It protects you from cold.
Missiles
 G - 2 throwing nets
 M - 3 atropa-tipped darts
Armour
 b - the +0 plate armour of Mitwauli (worn) {Str+2}
   (You bought it in a shop on level 2 of the Orcish Mines)

   It affects your strength (+2).
 g - a +0 kite shield of poison resistance
 j - a +0 cloak (worn)
 p - a +2 hat of stealth (worn)
 B - a +0 tower shield (worn)
Jewellery
 c - an amulet of reflection (around neck)
 d - a +4 ring of protection (left hand)
 n - a ring of protection from cold
 q - the ring of the Mage {Wiz Will++ Int+3}
   (You found it on level 4 of the Shoals)

   [ring of wizardry]

   It improves your spell success rate.
   It affects your intelligence (+3).
   It greatly increases your willpower.
 r - an amulet of the acrobat
 D - the ring of Umocail (right hand) {rCorr AC+4 Int+4 Dex+4}
   (You found it on level 8 of the Dungeon)

   [ring of protection]

   It affects your AC (+4).
   It affects your intelligence (+4).
   It affects your dexterity (+4).
   It protects you from acid and corrosion.
 I - a ring of protection from fire
 P - a ring of resist corrosion
 R - a ring of protection from cold
 T - a ring of see invisible
 Y - a ring of fire
Wands
 e - a wand of digging (6)
 h - a wand of charming (7)
 C - a wand of iceblast (55)
 E - a wand of acid (3)
 S - a wand of mindburst (17)
Scrolls
 k - 2 scrolls of silence
 l - 6 scrolls of immolation
 m - 5 scrolls of enchant armour
 y - 3 scrolls of teleportation
 J - 2 scrolls of magic mapping
 K - a scroll of holy word
 N - 2 scrolls of fog
 O - a scroll of blinking
 Q - 2 scrolls of identify
 W - 3 scrolls of vulnerability
Potions
 a - 4 potions of resistance
 f - 2 potions of magic
 i - 3 potions of curing
 o - 3 potions of lignification
 s - 7 potions of attraction
 u - 2 potions of ambrosia
 v - 2 potions of cancellation
 x - 2 potions of mutation
 z - 4 potions of haste
 A - 3 potions of might
 H - 3 potions of berserk rage
Miscellaneous
 w - a lightning rod (3/4)
 U - a box of beasts
 X - a phantom mirror (inert)


   Skills:
 * Level 15.1 Fighting
 + Level 9.8(12.5) Axes
 + Level 12.8(14.0) Maces & Flails
 * Level 17.4 Armour
 * Level 15.1 Dodging
 + Level 15.5 Shields
 + Level 1.8 Evocations


You had 18 spell levels left.
You didn't know any spells.
Your spell library was empty.

Dungeon Overview and Level Annotations

Branches:
Dungeon (15/15)            Temple (0/1) D:5            Lair (6/6) D:9
 Shoals (4/4) Lair:2        Snake (4/4) Lair:3        Slime (0/5) Lair:5
    Orc (2/2) D:9             Elf (1/3) Orc:2        Vaults (0/5) D:13
 Depths (0/5) D:15          IceCv (visited)         Gauntlet (visited)

Altars:
Ashenzari
Cheibriados
Fedhas
Gozag
Kikubaaqudgha
Makhleb
Okawaru
Ru
Sif Muna
Trog
Vehumet
Wu Jian
Yredelemnul
Zin
The Shining One
Beogh

Shops:
D:4 [   D:5 [=[(:   D:9 (   D:10 =!*([   D:11 (   D:14 *   Orc:2 ?[[*
Snake:1 (   Snake:2 =:

Annotations:
D:14 1 runed translucent door, exclusion: orange crystal statue
Shoals:4 Ilsuiw
Snake:4 Mara
Orc:2 700 plate


Innate Abilities, Weirdness & Mutations

You have a beak for a mouth.
You have claws for feet.
Your magical nature lets you fly swiftly and evasively.


Message History

Your lungs strain for air!
You feel sick. You block Ilsuiw's attack. The merfolk misses you.
The water elemental hits you.
You whack Ilsuiw! You claw Ilsuiw, but do no damage. Your peck misses Ilsuiw.
Ilsuiw is heavily wounded.
Your lungs strain for air!
You are no longer berserk.
You are exhausted.
You feel yourself slow down.
You feel sick. You block the water elemental's attack.
You cannot read scrolls while unable to breathe!
Unknown command.
You cannot call out to Trog while unable to breathe.
Unknown command.
You feel better.
Your lungs strain for air!
You block Ilsuiw's attack. You block the merfolk's attack.
The water elemental closely misses you. You block the water elemental's attack.
Ilsuiw points at herself and mumbles some strange words.
Ilsuiw flickers and vanishes!
Deactivating autopickup; reactivate with Ctrl-A.
You block the water elemental's attack.
The merfolk hits you but does no damage.
The cyclops throws a large rock.
The large rock hits you.
You feel better.
Your lungs strain for air!
You block the water elemental's attack. You block something's attack.
The merfolk hits you with a +0 trident!
* * * LOW HITPOINT WARNING * * *
The water elemental misses you.
The cyclops throws a large rock.
The large rock hits you!!
* * * LOW HITPOINT WARNING * * *
The water elemental barely misses you.
Okay, then.
You slip free of the water engulfing you.
You gasp with relief as air once again reaches your lungs.
Something hits you!
* * * LOW HITPOINT WARNING * * *
Something freezes you.
You die...

...≈≈≈≈≈≈≈≈≈≈≈
≈≈≈≈..###...≈≈≈≈≈≈≈≈≈≈≈≈
≈≈≈≈≈...#..≈≈≈≈≈≈≈≈≈≈≈≈≈
≈≈≈≈.....≈≈≈≈≈≈≈≈≈≈≈≈≈≈≈
≈..≈....≈≈≈≈≈≈≈≈≈≈≈≈≈≈≈≈
≈≈≈≈≈..≈≈≈≈≈≈≈≈≈≈≈≈≈≈≈≈≈
≈≈≈≈≈≈≈≈≈≈≈≈≈≈≈≈≈≈≈≈≈≈≈≈
≈≈≈≈≈≈≈≈)≈≈≈≈≈≈≈≈≈≈≈≈≈≈≈
≈≈≈≈≈≈≈@≈E≈≈≈≈≈≈≈≈≈≈≈≈≈≈
≈≈≈≈≈≈≈≈≈)≈≈≈≈≈≈≈≈≈≈≈≈≈≈
≈≈≈≈≈≈≈{Em≈≈≈≈≈≈≈≈≈≈≈≈≈≈
≈≈≈≈≈≈≈E≈≈≈≈≈≈≈≈≈≈≈≈≈≈≈≈
≈≈≈≈≈≈≈≈≈≈≈≈≈≈≈≈≈≈≈≈≈≈≈≈
≈≈≈≈≈≈≈≈≈≈≈≈≈≈≈≈≈≈≈≈≈≈≈≈
≈≈≈≈≈≈≈≈≈≈≈≈≈≈≈≈≈≈≈≈≈≈≈≈
≈C≈≈≈≈≈≈≈≈≈≈≈≈≈≈≈≈≈≈≈≈≈≈
≈≈≈≈≈≈≈≈≈≈≈≈≈≈≈≈≈≈≈≈≈≈≈


You could see a merfolk, a cyclops and 3 water elementals.

Vanquished Creatures
  Vashnia (Snake:2)
  Gastronok (Lair:1)
  A tentacled starspawn (Abyss:2)
  2 krakens (Shoals:2)
  Polyphemus (Shoals:2)
  Kirke (Lair:4)
  A frost giant (Shoals:4)
  A nagaraja (Snake:3)
  Aizul (Snake:2)
  A balrug (Abyss:2)
  2 orc warlords
  The ghost of robertstho the Severer, a journeyman MiBe of Trog (Lair:6)
  A starcursed mass (Abyss:2)
  A minotaur (Gauntlet)
  7 merfolk javelineers
  Josephine (D:13)
  12 merfolk impalers
  The ghost of gowby the Thaumaturge, a journeyman BaEE of Okawaru (Lair:2)
  A fire dragon (Lair:6)
  4 naga warriors
  A rakshasa (D:13)
  Erolcha (D:9)
  11 hydras
  3 catoblepae
  Erica (D:10)
  4 centaur warriors
  A boulder beetle (Lair:5)
  3 merfolk avatars
  3 ogre magi (Orc:2)
  13 two-headed ogres
  2 merfolk aquamancers
  3 alligator snapping turtles
  7 anacondas
  3 tengu warriors
  16 death yaks
  A hell hog (Gauntlet)
  A spriggan berserker (Lair:2)
  3 shock serpents (Snake:2)
  4 naga sharpshooters
  A vampire mage (D:15)
  A wretched star (Abyss:2)
  2 skeletal warriors (D:15)
  3 deep trolls (D:10)
  8 sea snakes
  A spark wasp zombie (D:15)
  A necromancer (D:15)
  Pikel (D:5)
  2 lindwurms (Lair:6)
  10 harpies
  2 orc knights (Orc:2)
  2 mana vipers
  6 deep elf pyromancers
  6 fauns
  An orc sorcerer (Orc:1)
  6 salamanders
  22 ugly things
  4 oklob plants (Lair:5)
  2 worldbinders (Abyss:2)
  A large abomination (Abyss:2)
  2 cyclopes
  11 manticores
  A moth of wrath (Lair:2)
  19 black mambas
  11 elephants
  10 merfolk sirens
  3 ice statues
  2 molten gargoyles (Lair:6)
  2 smoke demons (Abyss:2)
  6 naga magi
  2 water nymphs
  2 gargoyles
  A cane toad (shapeshifter) (D:14)
  A torpor snail (Lair:3)
  8 cane toads
  An unseen horror (Abyss:2)
  5 rime drakes
  2 freezing wraiths
  3 efreet
  A spriggan skeleton (D:15)
  13 komodo dragons
  2 ancient zymes (Abyss:2)
  A hellwing (Abyss:2)
  2 polar bears
  14 trolls
  A hornet (Lair:2)
  A queen bee (shapeshifter) (D:14)
  7 wind drakes
  19 merfolk
  A raiju (Abyss:2)
  A wolf spider simulacrum (Gauntlet)
  6 slime creatures (D:14)
  4 blink frogs (Lair:5)
  8 snapping turtles
  7 dream sheep
  2 spriggan zombies (D:15)
  A centaur simulacrum (Gauntlet)
  A vampire (D:13)
  A spriggan (shapeshifter) (D:14)
  4 spriggans (Lair:2)
  3 shadows
  10 water elementals
  6 wraiths
  7 basilisks
  7 wyverns
  2 ynoxinuls (Abyss:2)
  3 fire bats (Gauntlet)
  A neqoxec (Abyss:2)
  69 yaks
  5 steam dragons
  3 wargs (Orc:2)
  Grum (D:10)
  10 vampire mosquitoes
  16 nagas
  8 water moccasins
  5 hell hounds
  A meliai simulacrum (D:14)
  11 ice beasts
  5 black bears
  28 orc warriors
  3 sky beasts
  An ice dragon simulacrum (Gauntlet)
  28 ogres
  19 wolves
  8 centaurs
  A kobold brigand (D:7)
  11 bullfrogs
  A gnoll sergeant (D:12)
  A small abomination (Abyss:2)
  A wyvern zombie (D:7)
  2 scorpions
  A water moccasin skeleton (D:7)
  10 killer bees (D:9)
  17 wights
  9 electric eels
  A howler monkey (D:10)
  5 lava snakes (Lair:6)
  2 centaur zombies
  A bullfrog zombie (D:7)
  2 hounds
  19 orc priests
  2 centaur skeletons (D:6)
  A gnoll shaman (D:4)
  2 jellies
  2 bullfrog skeletons
  5 iguanas
  19 orc wizards
  2 howler monkey zombies
  11 gnolls
  A howler monkey skeleton (D:7)
  An adder (D:3)
  2 shadow imps
  5 white imps
  An adder skeleton (D:4)
  A worm (D:2)
  2 dart slugs
  64 orcs
  8 endoplasms
  4 giant cockroaches
  8 goblins
  3 hobgoblins
  19 jackals
  10 kobolds
  2 quokkas
  9 ball pythons
  A ball python zombie (D:1)
  2 bats (D:3)
  3 frilled lizards
  A quokka zombie (D:1)
  2 rats
  4 tentacles (Shoals:2)
935 creatures vanquished.

Vanquished Creatures (collateral kills)
  A bone dragon (Abyss:2)
  An orc warlord (Orc:2)
  2 merfolk impalers (Shoals:4)
  An ogre mage (Orc:2)
  9 two-headed ogres (Orc:2)
  A satyr (Shoals:3)
  2 thrashing horrors (Abyss:2)
  A wretched star (Abyss:2)
  An orc sorcerer (Orc:2)
  An elephant (D:9)
  3 manticores
  A merfolk siren (Shoals:3)
  2 fauns (Shoals:3)
  2 rime drakes (Lair:4)
  A merfolk (Shoals:4)
  A wind drake (Shoals:4)
  A snapping turtle (Shoals:4)
  A shadow (Abyss:2)
  5 wyverns (Lair:4)
  6 basilisks (Lair:4)
  A chaos spawn (Abyss:2)
  An ice beast (IceCv)
  3 orc warriors (Orc:2)
  6 ogres (Orc:2)
  A gnoll sergeant (D:9)
  2 orc priests (Orc:2)
  8 hell rats (Lair:4)
  A gnoll (D:9)
  9 orcs (Orc:2)
75 creatures vanquished.

Vanquished Creatures (others)
  An ogre mage (Orc:2)
  A sea snake (Shoals:4)
  A wizard (D:8)
  A manticore (Shoals:2)
  A snapping turtle (Shoals:4)
  A human (Lair:4)
  A naga (Snake:3)
  An orc (Orc:1)
  34 fungi
  A lurking horror (Abyss:2)
  50 plants
  A starspawn tentacle (Abyss:2)
  9 tentacles (Shoals:2)
103 creatures vanquished.

Grand Total: 1113 creatures vanquished

Notes
Turn   | Place    | Note
-------+----------+-------------------------------------------
     0 | D:1      | robertstho the Tengu Berserker began the quest for the Orb.
     0 | D:1      | Reached XP level 1. HP: 14/14 MP: 2/2
    79 | D:1      | Reached XP level 2. HP: 6/19 MP: 3/3
   593 | D:1      | Reached XP level 3. HP: 10/23 MP: 4/4
   894 | D:1      | Found a faded altar of an unknown god.
  1880 | D:2      | Reached ** piety under Trog
  1881 | D:2      | Reached XP level 4. HP: 29/29 MP: 5/5
  2900 | D:3      | Found a snail-covered altar of Cheibriados.
  3166 | D:4      | Noticed an ogre
  3171 | D:4      | Killed an ogre
  3172 | D:4      | Reached skill level 3 in Armour
  3172 | D:4      | Gained mutation: Your magical nature lets you fly swiftly
                  | and evasively. [Tengu growth]
  3172 | D:4      | Reached XP level 5. HP: 31/33 MP: 6/6
  3332 | D:4      | Reached XP level 6. HP: 36/39 MP: 7/7
  3824 | D:4      | Found Wine's Antique Armour Emporium.
  3915 | D:4      | Reached skill level 5 in Axes
  3915 | D:4      | Reached skill level 1 in Shields
  4583 | D:4      | Reached XP level 7. HP: 29/44 MP: 8/8
  4587 | D:4      | Reached skill level 5 in Fighting
  4890 | D:5      | Entered Level 5 of the Dungeon
  4903 | D:5      | Found Raxkeka's Book Shop.
  4936 | D:5      | Noticed Pikel
  4943 | D:5      | Killed Pikel
  4944 | D:5      | Reached skill level 4 in Armour
  4944 | D:5      | Reached skill level 5 in Dodging
  4944 | D:5      | Reached XP level 8. HP: 39/51 MP: 9/9
  5127 | D:5      | Found a broken altar of Ashenzari.
  5459 | D:5      | Found Furr's Antique Armour Emporium.
  5461 | D:5      | Found Cunuami's Jewellery Shoppe.
  5572 | D:5      | Found Hietsascheu's Antique Armour Shoppe.
  5700 | D:5      | Found Muwefaeq's Weapon Shop.
  5703 | D:5      | Bought a +2 war axe of freezing for 237 gold pieces
  5902 | D:5      | Found a staircase to the Ecumenical Temple.
  5977 | D:6      | Found a radiant altar of Vehumet.
  5985 | D:6      | Found an ancient bone altar of Kikubaaqudgha.
  6012 | D:6      | Found a shimmering blue altar of Sif Muna.
  6015 | D:6      | Reached *** piety under Trog
  6029 | D:6      | Identified Sif Muna's Handbook of Calling
  6128 | D:6      | Reached skill level 5 in Armour
  6128 | D:6      | Reached XP level 9. HP: 38/56 MP: 10/10
  6505 | D:6      | Found a sacrificial altar of Ru.
  7548 | D:7      | Found a glowing golden altar of the Shining One.
  7551 | D:7      | Noticed an angel
  7619 | D:7      | Found a basalt altar of Yredelemnul.
  7621 | D:7      | Noticed a profane servitor
  7625 | D:7      | Reached skill level 6 in Armour
  7826 | D:7      | Found an iron altar of Okawaru.
  7835 | D:7      | Reached **** piety under Trog
  8194 | D:8      | Reached XP level 10. HP: 53/64 MP: 11/11
  8442 | D:8      | Found a bloodstained altar of Trog.
  8445 | D:8      | Noticed a wizard
  8451 | D:8      | Killed a wizard
  8665 | D:8      | Identified the ring of Umocail {rCorr AC+4 Int+4 Dex+4}
  9045 | D:9      | Found a glowing silver altar of Zin.
  9045 | D:9      | Found a burning altar of Makhleb.
  9046 | D:9      | Noticed an Executioner
  9046 | D:9      | Noticed an angel
  9061 | D:9      | Noticed Erolcha
  9069 | D:9      | Killed Erolcha
  9070 | D:9      | Reached skill level 7 in Armour
  9103 | D:9      | Identified the +11 whip "Efeqinga" {vorpal, rElec rPois rF+
                  | rCorr}
  9333 | D:9      | Found an ornate altar of the Wu Jian Council.
  9352 | D:9      | Found an opulent altar of Gozag.
  9428 | D:9      | Noticed an elephant
  9430 | D:9      | Noticed a death yak
  9450 | D:9      | Killed an elephant
  9458 | D:9      | Reached skill level 1 in Maces & Flails
  9466 | D:9      | Killed a death yak
  9467 | D:9      | Reached skill level 5 in Shields
  9496 | D:9      | Found a staircase to the Lair.
  9507 | D:9      | Reached XP level 11. HP: 52/69 MP: 12/12
  9588 | D:9      | You are sucked into a shaft and drop 3 floors!
  9599 | D:11     | Noticed a two-headed ogre
  9607 | D:11     | Killed a two-headed ogre
  9608 | D:11     | Reached skill level 8 in Armour
 10222 | D:11     | Found Kyohuc's Antique Weapon Emporium.
 10285 | D:10     | Entered Level 10 of the Dungeon
 10462 | D:10     | Found Doclonlock's Antique Armour Boutique.
 10481 | D:10     | Noticed Erica
 10493 | D:10     | Reached ***** piety under Trog
 10567 | D:10     | Noticed a green ugly thing
 10571 | D:10     | Killed a green ugly thing
 10572 | D:10     | Reached skill level 9 in Armour
 10663 | D:10     | Killed Erica
 10743 | D:10     | Reached skill level 5 in Maces & Flails
 10748 | D:10     | Reached XP level 12. HP: 76/76 MP: 13/13
 10863 | D:10     | Reached skill level 10 in Armour
 10971 | D:10     | Found Gozak's Distillery.
 10981 | D:10     | Bought a potion of heal wounds for 55 gold pieces
 10981 | D:10     | Bought a potion of flight for 33 gold pieces
 10981 | D:10     | Bought a potion of degeneration for 11 gold pieces
 10981 | D:10     | Bought a potion of lignification for 33 gold pieces
 10981 | D:10     | Bought a potion of heal wounds for 55 gold pieces
 10981 | D:10     | Bought a potion of invisibility for 88 gold pieces
 10981 | D:10     | Bought a potion of curing for 33 gold pieces
 10981 | D:10     | Bought a potion of curing for 33 gold pieces
 11049 | D:10     | Found Misef's Jewellery Emporium.
 11063 | D:10     | Found a blossoming altar of Fedhas.
 11064 | D:10     | Noticed Grum
 11074 | D:10     | Killed Grum
 11252 | D:10     | Reached skill level 1 in Evocations
 11336 | D:10     | Found Devul's Weapon Shop.
 11494 | D:10     | Found Ywaiwid's Assorted Antiques.
 11664 | D:9      | Found a staircase to the Orcish Mines.
 11670 | D:9      | Found Tigaecw's Weapon Shoppe.
 11927 | Lair:1   | Entered Level 1 of the Lair of Beasts
 11973 | Lair:1   | Noticed a seven-headed hydra
 11980 | Lair:1   | Killed a seven-headed hydra
 11981 | Lair:1   | Reached skill level 10 in Fighting
 11985 | Lair:1   | Noticed a five-headed hydra
 11991 | Lair:1   | Killed a five-headed hydra
 11992 | Lair:1   | Reached skill level 10 in Dodging
 12543 | Lair:1   | Reached skill level 11 in Armour
 12607 | Lair:1   | Noticed Gastronok
 12667 | Lair:1   | Killed Gastronok
 12668 | Lair:1   | Reached XP level 13. HP: 54/83 MP: 14/14
 13436 | Lair:2   | Found a staircase to the Shoals.
 13789 | Lair:2   | Noticed gowby's ghost (journeyman BaEE)
 13798 | Lair:2   | Found a bloodstained altar of Trog.
 13805 | Lair:2   | Found a transporter.
 13808 | Lair:2   | Found a transporter.
 14454 | Lair:3   | Found a gate leading to a gauntlet.
 14461 | Gauntlet | Entered a Gauntlet
 14461 | Gauntlet | Found a transporter.
 14461 | Gauntlet | Found a transporter.
 14559 | Gauntlet | Found a transporter.
 14559 | Gauntlet | Found a transporter.
 14559 | Gauntlet | Found a transporter.
 14571 | Gauntlet | Found a transporter.
 14598 | Gauntlet | Found a transporter.
 14599 | Gauntlet | Found a transporter.
 14659 | Gauntlet | Found a transporter.
 14669 | Gauntlet | Found a transporter.
 14684 | Gauntlet | Found a transporter.
 14694 | Gauntlet | Found a transporter.
 14978 | Gauntlet | Identified the amulet of Hyewuim {Acrobat rC- Int+4}
 15043 | Gauntlet | Noticed a minotaur
 15049 | Gauntlet | Killed a minotaur
 15216 | Lair:3   | Reached skill level 12 in Armour
 15566 | Lair:3   | Found a staircase to the Snake Pit.
 16224 | Lair:3   | Identified Sodd's Handbook of Glacial Moulding
 16626 | Lair:4   | Noticed Kirke
 16637 | Lair:4   | Noticed a sphinx
 16648 | Lair:4   | Killed Kirke
 16658 | Lair:4   | Reached XP level 14. HP: 57/90 MP: 15/15
 17303 | Lair:4   | Received a gift from Trog
 18057 | Lair:5   | Reached skill level 13 in Armour
 18454 | Lair:5   | Reached skill level 10 in Maces & Flails
 18739 | Lair:5   | Found a staircase to the Slime Pits.
 19842 | Lair:6   | Entered Level 6 of the Lair of Beasts
 20381 | Lair:6   | Reached skill level 10 in Shields
 20621 | Lair:6   | Found a runed translucent gate.
 20621 | Lair:6   | Found a runed translucent gate.
 20621 | Lair:6   | Found a runed translucent gate.
 20632 | Lair:6   | Noticed robertstho's ghost (journeyman MiBe)
 20653 | Lair:6   | Killed robertstho's ghost
 20654 | Lair:6   | Reached XP level 15. HP: 96/96 MP: 16/16
 20864 | Lair:6   | Received a gift from Trog
 21191 | Lair:6   | Identified the ring "Utasean" {Str+6 Stlth+}
 21662 | Lair:6   | Found a large runed translucent door.
 21662 | Lair:6   | Found a large runed translucent door.
 22221 | Lair:6   | Reached skill level 14 in Armour
 22695 | Lair:2   | Killed gowby's ghost
 22889 | Orc:1    | Entered Level 1 of the Orcish Mines
 22914 | Orc:1    | Noticed an orc warlord
 23142 | D:9      | Killed an orc warlord
 23289 | Orc:2    | Entered Level 2 of the Orcish Mines
 23305 | Orc:2    | Noticed an orc warlord
 23330 | Orc:2    | Found a staircase to the Elven Halls.
 23339 | Orc:2    | Killed an orc warlord
 23344 | Orc:2    | Found Jose's Assorted Antiques.
 23344 | Orc:2    | Found Fybohaef's Antique Armour Shop.
 23344 | Orc:2    | Found Lopp's Antique Armour Shop.
 23344 | Orc:2    | Found Zuar Heo's Magic Scroll Emporium.
 24010 | Orc:2    | Bought a scroll of identify for 30 gold pieces
 24010 | Orc:2    | Bought 2 scrolls of vulnerability for 225 gold pieces
 24010 | Orc:2    | Bought a scroll of identify for 30 gold pieces
 24010 | Orc:2    | Bought a scroll of teleportation for 45 gold pieces
 24010 | Orc:2    | Bought a scroll of teleportation for 45 gold pieces
 24010 | Orc:2    | Bought a scroll of acquirement for 780 gold pieces
 24010 | Orc:2    | Bought a scroll of identify for 30 gold pieces
 24056 | Orc:2    | Received a gift from Trog
 24604 | Orc:2    | Acquired the +7 eveningstar of Orphabbao {holy, rC+}
 24663 | Orc:1    | Noticed an orc warlord
 24684 | Orc:1    | Killed an orc warlord
 24685 | Orc:1    | Reached XP level 16. HP: 104/104 MP: 17/17
 25570 | Orc:2    | Bought a transparent plate armour for 700 gold pieces
 25570 | Orc:2    | Identified the +0 plate armour of Mitwauli {Str+2} (You
                  | bought it in a shop on level 2 of the Orcish Mines)
 26066 | D:12     | Reached skill level 15 in Armour
 26917 | D:13     | Noticed Josephine
 26925 | D:13     | Killed Josephine
 27816 | D:13     | Found a gate to the Vaults.
 27963 | D:13     | Received a gift from Trog
 28614 | D:14     | Found Gozag's Platinum Reserve.
 28614 | D:14     | Found an opulent altar of Gozag.
 28994 | D:14     | Found a runed translucent door.
 29575 | D:5      | Bought a runed scarf for 256 gold pieces
 29765 | D:15     | Entered Level 15 of the Dungeon
 29886 | D:15     | Found a staircase to the Depths.
 29949 | D:15     | Found a frozen archway.
 29962 | IceCv    | Entered an ice cave
 30209 | IceCv    | Found a transporter.
 30233 | IceCv    | Found a transporter.
 30738 | D:15     | Received a gift from Trog
 31432 | Elf:1    | Entered Level 1 of the Elven Halls
 31440 | Elf:1    | Cast into level 2 of the Abyss (+0 short sword of
                  | distortion)
 31440 | Abyss:2  | Found a corrupted altar of Lugonu.
 31527 | Abyss:2  | Reached XP level 17. HP: 62/110 MP: 18/18
 31559 | Abyss:2  | Noticed a tentacled starspawn
 31572 | Abyss:2  | Killed a tentacled starspawn
 31914 | Abyss:2  | Noticed a bone dragon
 31940 | Abyss:2  | HP: 4/110 [bone dragon (8)]
 31955 | Abyss:2  | Killed a bone dragon
 31958 | Elf:1    | Escaped the Abyss
 32617 | Snake:1  | Entered Level 1 of the Snake Pit
 32904 | Snake:1  | Reached skill level 16 in Armour
 33597 | Snake:1  | Identified the +6 short sword of Midsummer {freeze, *Rage
                  | rC- Will+++ rCorr Dex+8}
 33708 | Snake:1  | Found Hoeppicin's Antique Weapon Shoppe.
 34712 | Snake:2  | Found Tazenoy's Jewellery Shop.
 34713 | Snake:2  | Found Puoggoibb's Book Emporium.
 34714 | Snake:2  | Found Ivor's Jewellery Shop.
 35391 | Snake:2  | Noticed Vashnia
 35411 | Snake:2  | Killed Vashnia
 35623 | Snake:2  | Noticed Aizul
 35636 | Snake:2  | Killed Aizul
 37005 | Snake:4  | Entered Level 4 of the Snake Pit
 37005 | Snake:4  | Noticed Mara
 37037 | Snake:4  | Noticed robertstho's illusion
 37546 | D:10     | Bought an amulet of reflection for 480 gold pieces
 37628 | Shoals:1 | Entered Level 1 of the Shoals
 37745 | Shoals:1 | Identified the +7 hand axe of Coodghamp {vorpal, rElec rC-
                  | Will++ Dex+2} (Trog gifted it to you on level 1 of the
                  | Shoals)
 37745 | Shoals:1 | Received a gift from Trog
 38002 | Shoals:1 | Reached XP level 18. HP: 106/117 MP: 19/19
 39289 | Shoals:2 | Noticed Polyphemus
 39312 | Shoals:2 | Killed Polyphemus
 39519 | Shoals:2 | Found a blossoming altar of Fedhas.
 39931 | Shoals:2 | Reached skill level 17 in Armour
 41901 | Shoals:3 | Reached skill level 15 in Shields
 42130 | Shoals:3 | Received a gift from Trog
 42202 | Shoals:4 | Entered Level 4 of the Shoals
 42937 | Shoals:3 | Reached skill level 15 in Fighting
 43426 | Shoals:4 | Reached skill level 15 in Dodging
 44137 | Shoals:4 | Found the ring of the Mage {Wiz Will++ Int+3}
 44701 | Shoals:4 | Noticed Ilsuiw
 44707 | Shoals:4 | Identified the ring "Ycimylie" {rF+ Will++}
 44710 | Shoals:4 | Reached XP level 19. HP: 124/124 MP: 20/20
 44734 | Shoals:4 | HP: 1/124 [something (7)]
 44734 | Shoals:4 | Slain by Ilsuiw

Illustrated notes

Levels and vault maps discovered:
D:1:      saegor_arrival_fortress, layout_basic, basic_ecumenical_altar
D:2:      layout_loops_ring, cheibrodos_gnoll_hut
D:3:      layout_basic, overflow_temple_1_default, minmay_misc_feat_x
D:4:      layout_basic, serial_shops, nicolae_shop_trees,
          chequers_serial_rivers_small_b
D:5:      layout_loops_ring, cheibrodos_ashenzari_chains,
          lemuel_temple_firewalk_b, serial_shops, nicolae_shop_behind_doors,
          nicolae_shop_window_shopping, shop, shop_statue, shop, minivault_27,
          uniq_pikel
D:6:      layout_basic, palyth_temple_overflow_mages, kennysheep_mini_moat,
          roderic_serpentine_path
D:7:      layout_loops_ring, okawaru_altar_gauntlet_db,
          grunt_temple_overflow_holy_war, nrook_uturn
D:8:      wander_river, layout_basic, trog_wizard,
          chequers_serial_rivers_micro_e
D:9:      layout_rooms, grunt_temple_overflow_order_and_chaos_2,
          lemuel_crystal_altar, nzn_wu_jian_council_hall, david_lair_generic,
          orc_david_3, st_stairs_6, uniq_erolcha
D:10:     lemuel_troll_bridge, layout_loops_ring, fedhas_altar_1, serial_rivers,
          chequers_serial_rivers_micro_d, chequers_serial_rivers_micro_e,
          chequers_serial_rivers_room_b, chequers_serial_rivers_small_3,
          chequers_serial_rivers_small_b, serial_shops, shop,
          nicolae_shop_competitors_out_of_business, nicolae_shop_stone, shop,
          shop, uniq_erica, uniq_grum
D:11:     layout_loops_ring, serial_shops, shop
D:12:     layout_gridville, minivault_22, chequers_avenue
D:13:     layout_basic, special_room [special_room_orc], uniq_josephine
D:14:     layout_rooms, nicolae_gozag_zags_fifth_avenue, minmay_crystal_box
D:15:     gammafunk_depths_entry_grave, layout_gridville,
          portal_ice_cave_entry_pillars_1
Lair:1:   layout_chaotic_city, serial_bayou, serial_bayou_shore_b,
          serial_bayou_pond_b, serial_bayou_shore_a, serial_bayou_pond_e,
          serial_bayou_pond_a, wad_woods_road_05, infiniplex_staircase_pool,
          uniq_gastronok
Lair:2:   layout_regular_city, minmay_shoals_entry_beasts,
          gammafunk_ghost_wrathful_warriors
Lair:3:   layout_chaotic_city, guppyfry_snake_entry_garden,
          gauntlet_entry_generic, chequers_serial_rivers_small_3, ice2_lemuel,
          serial_bayou_shore_b, grunt_megastairs_1, lemuel_fruit_tree,
          infiniplex_staircase_pool_2
Lair:4:   layout_roguey, special_room [special_room_mythical_zoo],
          chequers_serial_rivers_micro_a, uniq_kirke
Lair:5:   layout_regular_city, minmay_slime_entry_oklob_enclosed,
          grunt_megastairs_3
Lair:6:   cheibrodos_lair_end_hotspot, layout_long_grid,
          ebering_ghost_rock_garden, serial_bayou_lagoon_a
Shoals:1: layout_shoals
Shoals:2: layout_shoals, wheals_shoals_ruined_temple, uniq_polyphemus
Shoals:3: layout_shoals, nicolae_shoals_mertower
Shoals:4: shoals_end_grunt_ice, layout_shoals, shoals_ilsuiw_ice
Snake:1:  layout_layer_cave, serial_shops, nicolae_shop_trees
Snake:2:  layout_onion, nicolae_snake_springs, grunt_megastairs_4,
          serial_bayou_shore_b, minmay_shop_grove, uniq_vashnia, uniq_aizul
Snake:3:  layout_basic, serial_bayou_shore_b
Snake:4:  grunt_snake_rune_serpentine_throne, layout_onion_interference,
          uniq_mara
Orc:1:    layout_caves, basic_altar
Orc:2:    st_orc_ogre_mass, layout_diamond_mine
Elf:1:    layout_loops_ring, minmay_elf_demonology, fake_guardian_serpent_vault

Skill      XL: |  1  2  3  4  5  6  7  8  9 10 11 12 13 14 15 16 17 18 |
---------------+-------------------------------------------------------+-----
Axes           | 4 5 6 7 8 9 |  9.8
Fighting       | 4 5 6 7 8 9 10 11 12 13 14 15 | 15.1
Armour         | 3 4 5 6 7 9 11 12 13 14 15 16 17 | 17.4
Dodging        | 3 4 5 6 7 8 9 10 11 12 13 14 15 | 15.1
Shields        | 1 2 3 5 6 7 8 10 11 12 14 15 | 15.5
Maces & Flails | 2 5 7 9 10 11 12 | 12.8
Evocations     | 1 |  1.8

Action                   |  1- 3 |  4- 6 |  7- 9 | 10-12 | 13-15 | 16-18 | 19-21 || total
-------------------------+-------+-------+-------+-------+-------+-------+-------++-------
Melee: Hand axe          |    60 |    92 |    58 |       |       |       |       ||   210
       Peck              |     7 |    19 |    53 |   132 |   359 |   531 |     7 ||  1108
       Kick              |    17 |    38 |    80 |   216 |   513 |   867 |    13 ||  1744
       War axe           |       |       |   140 |    63 |       |       |       ||   203
       Whip              |       |       |       |   370 |  1155 |  1689 |    21 ||  3235
       Eveningstar       |       |       |       |       |       |    43 |       ||    43
Invok: Berserk           |     2 |     3 |     4 |     9 |    28 |    29 |       ||    75
       Brothers in Arms  |       |       |       |     1 |     7 |    11 |       ||    19
       Trog's Hand       |       |       |       |     2 |     4 |     9 |       ||    15
Evoke: Wand              |       |       |       |     6 |       |    17 |       ||    23
       Box of beasts     |       |       |       |       |       |     2 |       ||     2
       Lightning rod     |       |       |       |       |       |     2 |       ||     2
       Phantom mirror    |       |       |       |       |       |     1 |       ||     1
  Use: Scroll            |     2 |     4 |       |     6 |    17 |    12 |       ||    41
       Potion            |       |       |       |     1 |     8 |    14 |     2 ||    25
 Stab: Sleeping          |     3 |     3 |       |       |       |       |       ||     6
       Invisible         |       |       |       |       |     6 |     2 |       ||     8
       Distracted        |       |       |       |       |       |     2 |       ||     2
       Held in net/web   |       |       |       |       |       |     1 |       ||     1
Armor: Animal skin       |     9 |    10 |     2 |       |       |       |       ||    21
       Plate armour      |       |       |   117 |   151 |   529 |   547 |     3 ||  1347
Dodge: Dodged            |    57 |    41 |    73 |   186 |   453 |   621 |     9 ||  1440
Block: Kite shield       |     6 |    35 |    87 |   221 |   119 |       |       ||   468
       Tower shield      |       |       |       |       |   777 |  1817 |    35 ||  2629
       Reflection        |       |       |       |       |       |    36 |       ||    36

Table legend: (Time is in decaauts)
 A = Elapsed time spent in this place.
 B = Non-inter-level travel time spent in this place.
 C = Inter-level travel time spent in this place.
 D = Time resting spent in this place.
 E = Time spent auto-exploring this place.
 F = Levels seen in this place.
 G = Mean time per level.
                   A        B        C        D        E       F      G
               +--------+--------+--------+--------+--------+-----+--------+
         Total |  42762 |  40126 |   2636 |   8351 |  25388 |  35 | 1221.8 |
       Dungeon |  17293 |  15763 |   1530 |    823 |  12721 |  15 | 1152.9 |
          Lair |   9846 |   9334 |    512 |   2345 |   5480 |   6 | 1641.0 |
        Shoals |   6727 |   6602 |    125 |   2419 |   3036 |   4 | 1681.8 |
     Snake Pit |   4558 |   4411 |    147 |    857 |   3055 |   4 | 1139.5 |
  Orcish Mines |   2781 |   2461 |    320 |   1093 |    751 |   2 | 1390.5 |
   Elven Halls |     13 |     13 |      0 |      0 |      3 |   1 |   13.0 |
         Abyss |    498 |    498 |      0 |    247 |     57 |   1 |  498.0 |
      Ice Cave |    309 |    309 |      0 |    233 |     10 |   1 |  309.0 |
      Gauntlet |    733 |    733 |      0 |    332 |    272 |   1 |  733.0 |
               +--------+--------+--------+--------+--------+-----+--------+

Top non-repeatable levels by time:
Shoals:3: 2917 daAuts
   Orc:2: 2477 daAuts
  Lair:6: 2414 daAuts
  Lair:5: 2166 daAuts
     D:4: 1861 daAuts
    D:13: 1838 daAuts
 Snake:1: 1756 daAuts
 Snake:2: 1467 daAuts
     D:9: 1451 daAuts
  Lair:1: 1381 daAuts
Shoals:4: 1374 daAuts
  Lair:3: 1368 daAuts
    D:10: 1308 daAuts
 Snake:3: 1306 daAuts
Shoals:1: 1293 daAuts
